 Dungeon Crawl Stone Soup version 0.23.2-1-ga50397a (webtiles) character file.

Game seed: 17569679893076855782

469 IBeShadow the Insei (level 7, -5/46 HPs)
             Began as an Octopode Transmuter on May 21, 2019.
             Killed by divine providence
             ... invoked by an orc priest
              (15 damage)
             ... on level 4 of the Dungeon.
             The game lasted 00:08:02 (4927 turns).

IBeShadow the Insei (Octopode Transmuter)           Turns: 4927, Time: 00:08:06

Health: -5/46      AC:  1    Str: 11    XL:     7   Next: 9%
Magic:  10/10      EV: 15    Int: 15    God:
Gold:   190        SH:  0    Dex: 16    Spells: 7/10 levels left

rFire    . . .     SeeInvis .     - Unarmed
rCold    . . .     Gourm    .   (no shield)
rNeg     . . .     Faith    .   (helmet restricted)
rPois    .         Spirit   .   (no amulet)
rElec    .         Reflect  .   g - +3 ring of dexterity
rCorr    .         Harm     .   s - ring of stealth
MR       .....                  (no ring)
Stlth    ++++......             (no ring)
HPRegen  0.15/turn              (no ring)
MPRegen  0.12/turn              (no ring)
                                (no ring)
                                (no ring)

@: no status effects
A: almost no armour, stealthy swim, amphibious, 8 rings, constrict 8, camouflage
1, gelatinous body 1
a: no special abilities


You were on level 4 of the Dungeon.
You were very hungry.

You visited 1 branch of the dungeon, and saw 4 of its levels.

You collected 190 gold pieces.

Inventory:

Hand Weapons
 p - a +1 whip of electrocution
Missiles
 a - 54 arrows
Jewellery
 g - a +3 ring of dexterity (left tentacle)
 s - a ring of stealth (right tentacle)
 t - an uncursed ring of stealth
Scrolls
 b - a scroll of remove curse {unknown}
 d - 4 scrolls of magic mapping {unknown}
 e - 2 scrolls of enchant weapon {unknown}
 f - 2 scrolls of fog {unknown}
 k - 3 scrolls of teleportation {unknown}
 m - a scroll of identify {unknown}
 o - a scroll of enchant armour {unknown}
 q - a scroll of blinking {unknown}
Potions
 h - a potion of heal wounds {unknown}
 i - a potion of brilliance {unknown}
 j - a potion of might {unknown}
 n - a potion of haste {unknown}
 r - a potion of invisibility {unknown}
Comestibles
 c - 8 rations


   Skills:
 + Level 3.5 Fighting
 + Level 3.9 Dodging
 + Level 2.0 Stealth
 + Level 4.5 Unarmed Combat
 - Level 2.0 Spellcasting
 + Level 3.9 Transmutations


You had 7 spell levels left.
You knew the following spells:

 Your Spells              Type           Power        Failure   Level  Hunger
a - Beastly Appendage     Tmut           ##....       4%          1    #......
b - Sticks to Snakes      Tmut           ##......     7%          2    ###....

Your spell library contained the following spells:

 Spells                   Type           Power        Failure   Level  Hunger
 Spider Form              Tmut/Pois      #.........   30%         3    ###....
 Ice Form                 Ice/Tmut       #.......     69%         4    #####..
 Blade Hands              Tmut           ##........   77%         5    ######.


Dungeon Overview and Level Annotations

Branches:
Dungeon (4/15)
 Temple: D:4-7

Altars:
Dithmenos
Wu Jian
Yredelemnul


Innate Abilities, Weirdness & Mutations

You cannot wear most types of armour.
You are very stealthy in the water. (Stealth+)
You are amphibious.
You can wear up to eight rings at the same time.
You can use your tentacles to constrict eight enemies at once.
Your skin changes colour to match your surroundings (Stealth+).
Your rubbery body absorbs attacks. (AC +1, EV +1)


Message History

The orc wizard points at you and mumbles some strange words.
You resist with some effort.
The orc priest invokes the aid of Beogh against you.
Beogh smites you!
There is a stone staircase leading up here.
You closely miss the orc priest. You grab the orc priest.
You constrict the orc priest. The orc priest closely misses you.
You tentacle-slap the orc priest but do no damage.
You squeeze the orc priest.
The orc priest is lightly wounded.
You constrict the orc priest.
The orc priest calls down the wrath of Beogh upon you.
Pain shoots through your body!
You release your grip on the orc priest.
The orc wizard casts a spell at you. The magic dart hits you!
* * * LOW HITPOINT WARNING * * *
The orc priest invokes the aid of Beogh against you.
Beogh smites you!
You die...

#....##.......##.....##
#######.......##.....#
+.............## ....#
#..............# .....
#..............# #....##.......##
############ #....##.......#
#.....)....o
.........(....########...........
..............#.@o..............o
..............+..[...............
.....##########..................
#....#.........o......#####.....#
#....#................# #.....#
.....'.........######## #.....#
.....#.........# #.....#
.....#.........# #....)#
.....#.........# #.....#


You could see an orc priest and an orc wizard.

Vanquished Creatures
  An ogre (D:4)
  A crimson imp (D:3)
  Terence (D:2)
  A worker ant (D:4)
  8 gnolls (D:3)
  A howler monkey skeleton (D:4)
  10 adders
  2 river rats (D:3)
  3 oozes
  5 worms
  A dart slug (D:2)
  5 leopard geckos
  2 orcs (D:4)
  A ball python (D:1)
  8 bats
  4 giant cockroaches
  13 hobgoblins
  5 kobolds
  2 quokkas
  2 frilled lizards (D:3)
  6 goblins
  15 rats
97 creatures vanquished.

Vanquished Creatures (collateral kills)
  A hobgoblin (D:3)
  A bat (D:3)
2 creatures vanquished.

Grand Total: 99 creatures vanquished

Notes
Turn   | Place    | Note
-------+----------+-------------------------------------------
     0 | D:1      | IBeShadow the Octopode Transmuter began the quest for the
                  | Orb.
     0 | D:1      | Reached XP level 1. HP: 13/13 MP: 3/3
   433 | D:1      | Reached XP level 2. HP: 11/18 MP: 5/5
   437 | D:1      | Learned a level 2 spell: Sticks to Snakes
   974 | D:2      | Reached XP level 3. HP: 24/24 MP: 6/6
  1004 | D:2      | Found an ornate altar of the Wu Jian Council.
  1023 | D:2      | Noticed Terence
  1030 | D:2      | Killed Terence
  1149 | D:2      | Reached XP level 4. HP: 19/29 MP: 7/7
  2045 | D:2      | Found a basalt altar of Yredelemnul.
  2364 | D:3      | Reached XP level 5. HP: 28/35 MP: 8/8
  2479 | D:3      | Reached skill level 4 in Unarmed Combat
  2580 | D:3      | Found a shadowy altar of Dithmenos.
  2780 | D:3      | Reached XP level 6. HP: 41/41 MP: 9/9
  3982 | D:4      | Reached skill level 1 in Stealth
  4467 | D:4      | Reached XP level 7. HP: 46/46 MP: 10/10
  4927 | D:4      | Killed from afar by an orc priest

Skill      XL: |  1  2  3  4  5  6  7 |
---------------+----------------------+-----
Fighting       | 2 3 |  3.5
Dodging        | 3 |  3.9
Transmutations | 3 |  3.9
Unarmed Combat | 4 |  4.5
Stealth        | 1 2 |  2.0
Spellcasting   | |  2.0

Action                   |  1- 3 |  4- 6 |  7- 9 || total
-------------------------+-------+-------+-------++-------
Melee: Unarmed           |    66 |   189 |    12 ||   267
       Tentacles         |    11 |    33 |     4 ||    48
       Constrict         |    11 |    43 |     5 ||    59
       Punch             |     1 |     9 |       ||    10
 Cast: Beastly Appendage |     1 |       |       ||     1
       Sticks to Snakes  |       |     6 |     3 ||     9
  Use: Potion            |       |       |     1 ||     1
 Stab: Sleeping          |     2 |    10 |     2 ||    14
       Distracted        |       |     1 |       ||     1
  Eat: Chunk             |     1 |    11 |       ||    12
Armor: Skin              |    10 |    12 |     1 ||    23
Dodge: Dodged            |    62 |   122 |     9 ||   193
